 Dungeon Crawl Stone Soup version 0.32-a0-314-g526f7d4993 (webtiles) character file.

Game seed: 1256161921554001585

10224 Bravepunisher the Nimble (level 11, 0/65 HPs)
             Began as a Spriggan Monk on Feb 15, 2024.
             Was an Elder of Trog.
             Killed from afar by an electric eel (5 damage)
             ... with a bolt of electricity
             ... on level 11 of the Dungeon.
             The game lasted 00:32:08 (9677 turns).

Bravepunisher the Nimble (Spriggan Monk)            Turns: 9677, Time: 00:32:09

Health: 0/65       AC:  9    Str:  7      XL:     11   Next: 33%
Magic:  12/12      EV: 27    Int: 10 (11) God:    Trog [****..]
Gold:   410        SH:  6    Dex: 20 (21) Spells: 10/10 levels left

rFire   + . .        b - +2 short sword (venom)
rCold   . . .        o - +0 buckler
rNeg    . . .        w - +2 robe {Will+}
rPois   .            j - +1 hat
rElec   .            F - +2 cloak
rCorr   .            (gloves unavailable)
SInv    +            (boots unavailable)
Will    +++++        t - amulet of regeneration
Stlth   ++           r - ring of willpower
HPRegen 2.10/turn    (no ring)
MPRegen 0.13/turn

%: no passive effects
@: strong-willed, on berserk cooldown, regenerating, slowed, quick
A: very small, no large weapons, unfitting armour, see invisible, speed 3,
deterioration 1, dopey 1, fire resistance 1, shaggy fur 1, inability to read
after injury 1
a: Renounce Religion, Berserk, Trog's Hand, Brothers in Arms


You were on level 11 of the Dungeon.
You worshipped Trog.
Trog was greatly pleased with you.
You visited 2 branches of the dungeon, and saw 12 of its levels.

You collected 587 gold pieces.
You spent 177 gold pieces at shops.

Inventory:

Hand Weapons
 b - a +2 short sword of venom (weapon)
Armour
 j - a +1 hat (worn)
 o - a +0 buckler (worn)
 w - a +2 robe of willpower (worn)
 F - a +2 cloak (worn)
Jewellery
 r - a ring of willpower (left hand)
 t - an amulet of regeneration (around neck)
Scrolls
 a - a scroll of butterflies {unknown}
 d - 6 scrolls of teleportation {unknown}
 e - 2 scrolls of fog {unknown}
 f - 3 scrolls of poison {unknown}
 i - 3 scrolls of enchant armour {unknown}
 l - 3 scrolls of blinking {unknown}
 m - 2 scrolls of fear {unknown}
 n - a scroll of enchant weapon {unknown}
 p - 2 scrolls of noise {unknown}
 z - 2 scrolls of amnesia {unknown}
 A - 3 scrolls of identify {unknown}
 D - a scroll of revelation {unknown}
Potions
 c - 2 potions of ambrosia
 g - 2 potions of enlightenment {unknown}
 h - a potion of mutation
 k - 2 potions of haste {unknown}
 q - 3 potions of curing {unknown}
 s - 2 potions of attraction {unknown}
 u - a potion of might {unknown}
 v - a potion of heal wounds {unknown}
 x - a potion of brilliance {unknown}
 B - a potion of magic {unknown}
 C - a potion of lignification {unknown}
 E - a potion of invisibility {unknown}


   Skills:
 * Level 11.0 Fighting
 - Level 3.2 Short Blades
 + Level 4.0 Armour
 + Level 12.6 Dodging
 - Level 5.0 Shields


You had 10 spell levels left.
You didn't know any spells.
Your spell library was empty.

Dungeon Overview and Level Annotations

Branches:
Dungeon (11/15)            Temple (1/1) D:6            Lair (0/5) D:8
    Orc: D:9-12

Altars:
Ashenzari
Cheibriados
Dithmenos
Elyvilon
Fedhas
Gozag
Hepliaklqana
Kikubaaqudgha
Makhleb
Nemelex Xobeh
Okawaru
Qazlal
Ru
Sif Muna
Trog
Uskayaw
Vehumet
Wu Jian
Xom
Yredelemnul
Zin
The Shining One

Shops:
D:1 [

Annotations:
D:8 exclusion: statue


Innate Abilities, Weirdness & Mutations

You are very small and have problems with some larger weapons.
You are too small for most types of armour.
You have supernaturally acute eyesight. (SInv)
You cover ground extremely quickly. (Speed+++)
Your body sometimes deteriorates upon taking damage.
You are dopey. (Int -2)
Your flesh is heat resistant. (rF+)
You are covered in fur. (AC +1)
You occasionally lose the ability to read scrolls when taking damage.


Message History

The two-headed ogre is severely wounded.
The orc completely misses you. x2
Unknown command.
You hit the two-headed ogre.
The two-headed ogre is almost dead.
You are no longer berserk.
You are exhausted.
You feel yourself slow down.
The two-headed ogre hits you with a +0 giant club!!
* * * LOW HITPOINT WARNING * * *
The two-headed ogre misses you.
Unknown command.
Your skin crawls.
You feel strong-willed. The orc completely misses you.
You block the orc's attack. The two-headed ogre closely misses you.
The two-headed ogre barely misses you. You block the orc's attack.
The orc hits you but does no damage.
Okay, then.
You closely miss the orc. The orc barely misses you.
The orc closely misses you. The two-headed ogre misses you.
The two-headed ogre completely misses you.
Unknown command.
You hit the orc but do no damage.
The orc is poisoned.
The orc closely misses you. You block the orc's attack.
The two-headed ogre completely misses you.
The two-headed ogre hits you with a +2 great mace of protection!
* * * LOW HITPOINT WARNING * * *
The orc barely misses you. x2
Unknown command.
You hit the orc.
The orc is heavily wounded.
You kill the two-headed ogre!
Trog accepts your kill.
The electric eel shoots out a bolt of lightning at you!
The bolt of electricity hits the orc!
The orc dies!
The bolt of electricity hits you!
* * * LOW HITPOINT WARNING * * *
The bolt of electricity hits you.
You die...

#......# #####......#
....#......# ###.').....#
###......# ####'### #.#
#######.#########
..............o@## #####
≈≈≈≈≈≈≈≈≈≈≈≈≈≈≈≈)o#......
≈≈≈≈≈≈≈≈≈≈≈≈≈≈≈≈......o..
##############≈≈.##......
#≈≈.# ...... #≈S.# .....
#≈≈..' ..... #≈≈.## ....
#≈≈.# ....


You could see an orc warrior, an electric eel and an orc (poisoned).

Vanquished Creatures
  4 two-headed ogres
  Maurice (D:7)
  3 kobold demonologists (D:9)
  3 trolls
  A shadow (D:10)
  A wraith (D:10)
  A wyvern (D:9)
  10 yaks
  5 steam dragons
  5 vampire mosquitoes
  An acid dragon (D:11)
  3 water moccasins
  4 orc warriors
  A sky beast (D:7)
  3 ice beasts
  A centaur (D:6)
  An ogre (D:6)
  A phantom (D:4)
  7 kobold brigands
  A gnoll sergeant (D:6)
  2 scorpions
  6 killer bees (D:5)
  5 howler monkeys
  A jelly (D:5)
  4 hounds
  4 orc priests
  3 iguanas
  15 orc wizards
  3 gnolls (D:6)
  6 adders
  2 white imps
  2 ufetubi (D:7)
  2 dart slugs (D:1)
  A ribbon worm (D:2)
  51 orcs
  5 bats
  7 endoplasms
  2 giant cockroaches (D:1)
  8 goblins
  6 hobgoblins
  2 jackals (D:3)
  4 quokkas
  8 ball pythons
  5 frilled lizards
  30 kobolds
  3 rats
244 creatures vanquished.

Vanquished Creatures (others)
  A hydra (D:11)
  An orc wizard (D:11)
  An orc (D:11)
3 creatures vanquished.

Grand Total: 247 creatures vanquished

Notes
Turn   | Place    | Note
-------+----------+-------------------------------------------
     0 | D:1      | Bravepunisher the Spriggan Monk began the quest for the
                  | Orb.
     0 | D:1      | Reached XP level 1. HP: 11/11 MP: 2/2
    64 | D:1      | Found Moesoqiz's Armour Emporium.
    75 | D:1      | Reached XP level 2. HP: 16/16 MP: 3/3
   237 | D:1      | Reached skill level 5 in Dodging
   294 | D:4      | Noticed a phantom
   307 | D:3      | Found a glowing silver altar of Zin.
   332 | D:4      | Reached XP level 3. HP: 17/19 MP: 4/4
   349 | D:4      | Found a glowing golden altar of the Shining One.
   443 | D:4      | Found a bloodstained altar of Trog.
   461 | D:4      | Became a worshipper of Trog the Wrathful
   461 | D:4      | Reached * piety under Trog
   461 | D:4      | Reached ** piety under Trog
  1037 | D:2      | Reached XP level 4. HP: 24/24 MP: 5/5
  2125 | D:3      | Reached XP level 5. HP: 29/29 MP: 6/6
  2229 | D:3      | Reached *** piety under Trog
  2232 | D:3      | Found a shimmering altar of Xom.
  2300 | D:3      | Reached skill level 6 in Dodging
  2462 | D:3      | Noticed an ice beast
  2467 | D:3      | Killed an ice beast
  2468 | D:3      | Reached skill level 1 in Shields
  2468 | D:3      | Reached XP level 6. HP: 33/33 MP: 7/7
  3228 | D:5      | Entered Level 5 of the Dungeon
  3383 | D:5      | Reached skill level 5 in Fighting
  3383 | D:5      | Reached XP level 7. HP: 39/39 MP: 8/8
  3437 | D:5      | Reached skill level 7 in Dodging
  4018 | D:5      | Reached XP level 8. HP: 44/44 MP: 9/9
  4175 | D:1      | Bought a +2 robe of willpower for 177 gold pieces
  4324 | D:6      | Found a staircase to the Ecumenical Temple.
  4333 | Temple   | Entered the Ecumenical Temple
  4364 | D:6      | Reached **** piety under Trog
  4376 | D:6      | Reached skill level 8 in Dodging
  4707 | D:6      | Found a hide-covered altar of Uskayaw.
  4926 | D:6      | Found an ancient bone altar of Kikubaaqudgha.
  5607 | D:7      | Reached skill level 9 in Dodging
  5612 | D:7      | Reached XP level 9. HP: 17/50 MP: 10/10
  5751 | D:7      | Found a hazy altar of Hepliaklqana.
  5785 | D:7      | Noticed a troll
  5810 | D:7      | Killed a troll
  6064 | D:7      | Noticed Maurice
  6081 | D:7      | Killed Maurice
  6188 | D:8      | Reached skill level 10 in Dodging
  6318 | D:8      | Reached skill level 5 in Shields
  6351 | D:8      | Reached XP level 10. HP: 53/58 MP: 11/11
  6445 | D:8      | Reached skill level 1 in Armour
  6523 | D:8      | Found a staircase to the Lair.
  6555 | D:8      | Found a radiant altar of Vehumet.
  6967 | D:9      | Reached skill level 11 in Dodging
  6980 | D:9      | Gained mutation: Your flesh is heat resistant. (rF+)
                  | [potion of mutation]
  6980 | D:9      | Gained mutation: You are covered in fur. (AC +1) [potion of
                  | mutation]
  6980 | D:9      | Gained mutation: You are dopey. (Int -2) [potion of
                  | mutation]
  6985 | D:9      | Gained mutation: You occasionally lose the ability to read
                  | scrolls when taking damage. [a neqoxec]
  6987 | D:9      | Gained mutation: Your body sometimes deteriorates upon
                  | taking damage. [a neqoxec]
  7381 | D:9      | Reached skill level 10 in Fighting
  7519 | D:9      | Found a stormy altar of Qazlal.
  7691 | D:9      | Noticed a two-headed ogre
  7702 | D:9      | Killed a two-headed ogre
  7926 | D:10     | Entered Level 10 of the Dungeon
  7926 | D:10     | Found a flagged portal.
  7981 | D:10     | Reached skill level 12 in Dodging
  8015 | D:10     | Noticed a two-headed ogre
  8025 | D:10     | Killed a two-headed ogre
  8026 | D:10     | Reached XP level 11. HP: 64/64 MP: 12/12
  8613 | D:10     | Found an opulent altar of Gozag.
  9260 | D:11     | Noticed a death knight
  9260 | D:11     | Noticed a six-headed hydra
  9579 | D:11     | Killed a six-headed hydra
  9651 | D:11     | Noticed a two-headed ogre
  9654 | D:11     | Noticed a two-headed ogre
  9665 | D:11     | Killed a two-headed ogre
  9677 | D:11     | Killed a two-headed ogre
  9677 | D:11     | Killed from afar by an electric eel

Illustrated notes

Levels and vault maps discovered:
D:1:      evilmike_arrival_plus, layout_rooms, serial_shops, shop
D:2:      layout_basic, shapermc_ecumenical_altar_petra, grunt_decor_cap
D:3:      layout_loops_ring, mainiacjoe_overflow_surrounded_room,
          mainiacjoe_overflow_cross_hatched
D:4:      layout_rooms, mainiacjoe_overflow_chevrons, lemuel_round_altar,
          hangedman_abyss_or_decor_slice, minmay_strange_pillars
D:5:      layout_basic
D:6:      layout_loops_ring, lemuel_coloured_pillars_altar,
          nicolae_uskayaw_dance_studio, minmay_temple_entry_statues_fountains,
          serial_co_window_serial, co_window_corner_a, co_window_paths_a,
          co_window_paths_a, co_window_paths_a, co_window_of_opportunity_a,
          co_window_unsneaky_path_a, co_window_unsneaky_path_e,
          co_window_of_opportunity_b, glass_columns_b, glass_columns_c
D:7:      layout_basic, nzn_hepliaklqana_mist_gate, uniq_maurice
D:8:      minmay_flawed_box, layout_basic, vehumet_statue, lair_entry_dummy,
          nicolae_concentric_dashed_squares_mild
D:9:      layout_layer_cave, mainiacjoe_overflow_small_starburst,
          serial_bayou_pond_d, dreamdust_mushroom_princess
D:10:     layout_layer_cave, nicolae_gozag_cash_rules_everything_around_me,
          enter_bailey_8
D:11:     layout_roguey, erik_orc_2, lightli_corner_chamber
Temple:   nicolae_temple_ecumenical_triangle

Skill      XL: |  1  2  3  4  5  6  7  8  9 10 11 |
---------------+----------------------------------+-----
Dodging        | 5 6 7 9 10 12 | 12.6
Fighting       | 3 4 5 6 7 9 10 11 | 11.0
Shields        | 1 2 4 5 |  5.0
Armour         | 3 4 |  4.0
Short Blades   | |  3.2

Action                     |  1- 3 |  4- 6 |  7- 9 | 10-12 || total
---------------------------+-------+-------+-------+-------++-------
  Melee: Short sword       |   117 |    66 |       |   386 ||   569
         Flail             |       |    88 |       |       ||    88
         Dagger            |       |    46 |   418 |    39 ||   503
  Throw: Throwing net      |       |       |     1 |     4 ||     5
 Invoke: Berserk           |       |     4 |     8 |    10 ||    22
         Trog's Hand       |       |       |     2 |     2 ||     4
  Evoke: Wand              |       |       |       |     2 ||     2
    Use: Potion            |       |       |       |     1 ||     1
   Stab: Sleeping          |     2 |     2 |     3 |     1 ||     8
         Held in net/web   |       |       |     2 |     1 ||     3
 Armour: Robe              |    24 |    45 |    98 |   118 ||   285
  Dodge: Dodged            |    86 |   136 |   296 |   424 ||   942
  Block: Buckler           |       |    37 |    98 |   124 ||   259

Table legend: (Time is in decaauts)
 A = Elapsed time spent in this place.
 B = Non-inter-level travel time spent in this place.
 C = Inter-level travel time spent in this place.
 D = Time resting spent in this place.
 E = Time spent auto-exploring this place.
 F = Levels seen in this place.
 G = Mean time per level.
                   A        B        C        D        E       F      G
               +--------+--------+--------+--------+--------+-----+--------+
         Total |   6819 |   6533 |    286 |    207 |   4338 |  12 |  568.2 |
       Dungeon |   6817 |   6531 |    286 |    207 |   4338 |  11 |  619.7 |
        Temple |      1 |      1 |      0 |      0 |      0 |   1 |    1.0 |
               +--------+--------+--------+--------+--------+-----+--------+

Top non-repeatable levels by time:
    D:10: 852 daAuts
     D:9: 767 daAuts
     D:6: 757 daAuts
     D:3: 711 daAuts
     D:2: 696 daAuts
     D:5: 613 daAuts
     D:4: 590 daAuts
     D:7: 550 daAuts
     D:8: 465 daAuts
     D:1: 450 daAuts
    D:11: 361 daAuts
  Temple: 1 daAuts
